3L
TOLEDO STINGERS @ ATHLETIC CLUB KC
08/16/2041
 
TOP OF THE 1ST
Toledo Stingers batting - Pitching for Athletic Club KC : LHP Marcos Tejedor
Pitching: LHP Marcos Tejedor
Batting: RHB Brook Linen 0-0: Called Strike
0-1: Ball
1-1: Ball
2-1: Foul Ball, location: 2F
2-2: Ground out 4-3 (Groundball, 4, EV 87.5 MPH)
Batting: LHB Matt Dunlap 0-0: Called Strike
0-1: Ball
1-1: Ball
2-1: Ground out 4-3 (Groundball, 4, EV 87.5 MPH)
Batting: LHB Pedro Serano 0-0: Called Strike
0-1: Fly out, F8 (Flyball, 8LM, EV 83.1 MPH)
Top of the 1st over - 0 runs, 0 hits, 0 errors, 0 left on base; Toledo 0 - Athletic Club KC 0
BOTTOM OF THE 1ST
Athletic Club KC batting - Pitching for Toledo Stingers : RHP Jessie Young
Pitching: RHP Jessie Young
Batting: LHB César Núñez 0-0: Ball
1-0: Ball
2-0: Ball
3-0: Base on Balls
Batting: RHB Ali Ben Bongo 0-0: Ball
Passed Ball!
César Núñez to second
1-0: Swinging Strike
1-1: Swinging Strike
1-2: Foul Ball, location: 2F
1-2: Ball
2-2: Foul Ball, location: 2F
2-2: Foul Ball, location: 2F
2-2: Ball
3-2: Base on Balls
Batting: RHB Jimbob Ghostkeeper 0-0: Foul Ball, location: 2F
0-1: Fly out, F8 (Flyball, 8LD, EV 105.6 MPH)
Batting: RHB Shou-xin Quian 0-0: Called Strike
0-1: Ball
1-1: Swinging Strike
1-2: Fielders Choice at 2nd, 2-6 (Groundball, 13S, EV 68.8 MPH)
César Núñez to third
Batting: LHB Miguel Fernández 0-0: Ball
1-0: Foul Ball, location: 2F
1-1: Ball
2-1: Fly out, F9 (Flyball, 89M, EV 86.9 MPH)
Bottom of the 1st over - 0 runs, 0 hits, 0 errors, 2 left on base; Toledo 0 - Athletic Club KC 0
TOP OF THE 2ND
Toledo Stingers batting - Pitching for Athletic Club KC : LHP Marcos Tejedor
Batting: SHB Adam Clements 0-0: Ball
1-0: Foul Ball, location: 2F
1-1: Called Strike
1-2: Strikes out swinging
Batting: LHB Lester Threlfall 0-0: SINGLE (Line Drive, 6MD, EV 99.4 MPH)
Batting: RHB David Alcabú 0-0: Ball
1-0: Called Strike
1-1: Ball
2-1: SINGLE (Groundball, 4S, EV 55.6 MPH) (infield hit)
Lester Threlfall to second
Batting: LHB Grover Barbaran 0-0: Ball
1-0: SINGLE (Groundball, 5D, EV 105.6 MPH)
Lester Threlfall to third
David Alcabú to second
Runner from 3rd tries for Home, SAFE, no throw by LF
Batting: RHB Alfredo Martínez 0-0: Ball
1-0: Ball
2-0: Ball
3-0: Called Strike
3-1: Foul Ball, location: 2F
3-2: Base on Balls
David Alcabú to third
Grover Barbaran to second
Batting: RHB Anselmo Berneu 0-0: Swinging Strike
0-1: Grounds into double play, 3-6-3 (Groundball, 34, EV 81.9 MPH)
Top of the 2nd over - 1 run, 3 hits, 0 errors, 2 left on base; Toledo 1 - Athletic Club KC 0
BOTTOM OF THE 2ND
Athletic Club KC batting - Pitching for Toledo Stingers : RHP Jessie Young
Batting: RHB José de la Cavallería 0-0: Ball
1-0: Ground out 4-3 (Groundball, 34, EV 78.1 MPH)
Batting: SHB Noel Lancaster 0-0: Ball
1-0: Swinging Strike
1-1: Ground out 4-3 (Groundball, 34, EV 85.0 MPH)
Batting: RHB Shane Reyes 0-0: Foul Ball, location: 2F
0-1: Ground out 5-3 (Groundball, 56S, EV 85.6 MPH)
Bottom of the 2nd over - 0 runs, 0 hits, 0 errors, 0 left on base; Toledo 1 - Athletic Club KC 0
TOP OF THE 3RD
Toledo Stingers batting - Pitching for Athletic Club KC : LHP Marcos Tejedor
Batting: RHB Brook Linen 0-0: Fly out, F7 (Flyball, 78S, EV 90.6 MPH)
Batting: LHB Matt Dunlap 0-0: Foul Ball, location: 2F
0-1: Swinging Strike
0-2: Foul Ball, location: 2F
0-2: Strikes out looking
Batting: LHB Pedro Serano 0-0: Called Strike
0-1: Ball
1-1: Called Strike
1-2: Foul Ball, location: 2F
1-2: Ball
2-2: Ground out 5-3 (Groundball, 5, EV 85.0 MPH)
Top of the 3rd over - 0 runs, 0 hits, 0 errors, 0 left on base; Toledo 1 - Athletic Club KC 0
BOTTOM OF THE 3RD
Athletic Club KC batting - Pitching for Toledo Stingers : RHP Jessie Young
Batting: RHB Gabriel Martínez 0-0: Ground out 3-1 (Groundball, 34, EV 90.0 MPH)
Batting: LHB César Núñez 0-0: Ball
1-0: Called Strike
1-1: Swinging Strike
1-2: DOUBLE (Line Drive, 89M, EV 112.5 MPH)
Batting: RHB Ali Ben Bongo 0-0: Called Strike
0-1: Ball
1-1: Foul Ball, location: 2F
1-2: Ball
2-2: Ball
3-2: DOUBLE (Line Drive, 8RXD, EV 97.5 MPH)
César Núñez scores
Batting: RHB Jimbob Ghostkeeper 0-0: Foul Ball, location: 2F
0-1: Ball
1-1: Foul Ball, location: 2F
1-2: Foul Ball, location: 2F
1-2: Strikes out looking
Batting: RHB Shou-xin Quian 0-0: Ball
1-0: Called Strike
1-1: Foul Ball, location: 2F
1-2: Ball
2-2: Ground out 1-3 (Groundball, 34S, EV 73.1 MPH)
Bottom of the 3rd over - 1 run, 2 hits, 0 errors, 1 left on base; Toledo 1 - Athletic Club KC 1
TOP OF THE 4TH
Toledo Stingers batting - Pitching for Athletic Club KC : LHP Marcos Tejedor
Batting: SHB Adam Clements 0-0: Ball
1-0: Called Strike
1-1: Fly out, F9 (Flyball, 89D, EV 95.0 MPH)
Batting: LHB Lester Threlfall 0-0: Foul Ball, location: 2F
0-1: Swinging Strike
0-2: Strikes out looking
Batting: RHB David Alcabú 0-0: Called Strike
0-1: Called Strike
0-2: Fly out, F9 (Flyball, 9LS, EV 83.8 MPH)
Top of the 4th over - 0 runs, 0 hits, 0 errors, 0 left on base; Toledo 1 - Athletic Club KC 1
BOTTOM OF THE 4TH
Athletic Club KC batting - Pitching for Toledo Stingers : RHP Jessie Young
Batting: LHB Miguel Fernández 0-0: Fly out, F8 (Flyball, 8RM, EV 85.6 MPH)
Batting: RHB José de la Cavallería 0-0: Called Strike
0-1: Foul Ball, location: 2F
0-2: Foul Ball, location: 2F
0-2: Ball
1-2: Foul Ball, location: 2F
1-2: Fly out, F8 (Flyball, 8RM, EV 75.6 MPH)
Batting: SHB Noel Lancaster 0-0: SINGLE (Line Drive, 4MD, EV 93.8 MPH)
Batting: RHB Shane Reyes 0-0: Ball
1-0: Foul Ball, location: 2F
1-1: Ball
2-1: Ball
3-1: Called Strike
3-2: Base on Balls
Noel Lancaster to second
Batting: RHB Gabriel Martínez 0-0: Called Strike
0-1: Ball
1-1: Foul Ball, location: 2F
1-2: Ball
2-2: Strikes out looking
Bottom of the 4th over - 0 runs, 1 hit, 0 errors, 2 left on base; Toledo 1 - Athletic Club KC 1
TOP OF THE 5TH
Toledo Stingers batting - Pitching for Athletic Club KC : LHP Marcos Tejedor
Batting: LHB Grover Barbaran 0-0: Fly out, F9 (Flyball, 9S, EV 82.5 MPH)
Batting: RHB Alfredo Martínez 0-0: Called Strike
0-1: Ball
1-1: Ball
2-1: Foul Ball, location: 2F
2-2: Ball
3-2: Fly out, F7 (Flyball, 78S, EV 84.4 MPH)
Batting: RHB Anselmo Berneu 0-0: Called Strike
0-1: Ball
1-1: Ball
2-1: Foul Ball, location: 2F
2-2: Foul Ball, location: 2F
2-2: DOUBLE (Groundball, 5L, EV 101.2 MPH)
Batting: RHB Brook Linen 0-0: Ball
1-0: Called Strike
1-1: Swinging Strike
1-2: Ball
2-2: Foul Ball, location: 2F
2-2: 2-RUN HOME RUN (Flyball, 7LD, EV 105.6 MPH), Distance : 349 ft
Batting: LHB Matt Dunlap 0-0: Ball
1-0: Ground out U3 (Groundball, 3S, EV 90.6 MPH)
Top of the 5th over - 2 runs, 2 hits, 0 errors, 0 left on base; Toledo 3 - Athletic Club KC 1
BOTTOM OF THE 5TH
Athletic Club KC batting - Pitching for Toledo Stingers : RHP Jessie Young
Batting: LHB César Núñez 0-0: Ball
1-0: Ball
2-0: Foul Ball, location: 2F
2-1: Foul Ball, location: 2F
2-2: Fly out, F8 (Flyball, 8RS, EV 86.2 MPH)
Batting: RHB Ali Ben Bongo 0-0: SINGLE (Groundball, 34D, EV 94.4 MPH)
Batting: RHB Jimbob Ghostkeeper 0-0: Ball
1-0: Foul Ball, location: 2F
1-1: Ball
2-1: Ball
3-1: Base on Balls
Ali Ben Bongo to second
Batting: RHB Shou-xin Quian 0-0: Ball
1-0: Called Strike
1-1: SINGLE (Groundball, 56D, EV 97.5 MPH)
Ali Ben Bongo to third
Jimbob Ghostkeeper to second
Runner from 3rd tries for Home, SAFE, throw by LF to home
Batting: LHB Miguel Fernández 0-0: Swinging Strike
0-1: Called Strike
0-2: Ball
1-2: Strikes out swinging
Batting: RHB José de la Cavallería 0-0: Foul Ball, location: 2F
0-1: Ball
1-1: Ball
2-1: Ground out 6-3 (Groundball, 6MS, EV 91.2 MPH)
Bottom of the 5th over - 1 run, 2 hits, 0 errors, 2 left on base; Toledo 3 - Athletic Club KC 2
TOP OF THE 6TH
Toledo Stingers batting - Pitching for Athletic Club KC : LHP Marcos Tejedor
Batting: LHB Pedro Serano 0-0: Foul Ball, location: 2F
0-1: Fly out, F9 (Flyball, 9D, EV 99.4 MPH)
Batting: SHB Adam Clements 0-0: Ball
1-0: Swinging Strike
1-1: Ball
2-1: Foul Ball, location: 2F
2-2: Ball
3-2: Base on Balls
Batting: LHB Lester Threlfall 0-0: Ball
1-0: Called Strike
1-1: Ball
2-1: Fielders Choice at 2nd, 6-4 (Groundball, 56, EV 108.8 MPH)
Batting: RHB David Alcabú 0-0: Ball
1-0: Fielders Choice at 2nd, 6-4 (Groundball, 6, EV 84.4 MPH)
Top of the 6th over - 0 runs, 0 hits, 0 errors, 1 left on base; Toledo 3 - Athletic Club KC 2
BOTTOM OF THE 6TH
Athletic Club KC batting - Pitching for Toledo Stingers : RHP Jessie Young
Batting: SHB Noel Lancaster 0-0: Ball
1-0: Ground out 4-3 (Groundball, 4, EV 98.8 MPH)
Batting: RHB Shane Reyes 0-0: Called Strike
0-1: Foul Ball, location: 2F
0-2: Strikes out swinging
Batting: RHB Gabriel Martínez 0-0: Ball
1-0: Foul Ball, location: 2F
1-1: Called Strike
1-2: Strikes out swinging
Bottom of the 6th over - 0 runs, 0 hits, 0 errors, 0 left on base; Toledo 3 - Athletic Club KC 2
TOP OF THE 7TH
Toledo Stingers batting - Pitching for Athletic Club KC : LHP Marcos Tejedor
Batting: LHB Grover Barbaran 0-0: Ball
1-0: SINGLE (Line Drive, 4, EV 96.2 MPH)
Batting: RHB Alfredo Martínez 0-0: Bunted foul
0-1: Bunted foul
0-2: Fly out, F7 (Flyball, 7D, EV 103.1 MPH)
Batting: RHB Anselmo Berneu 0-0: Fielders Choice at 2nd, 1-4 (Groundball, P, EV 85.0 MPH)
Batting: RHB Brook Linen 0-0: Called Strike
0-1: Ball
1-1: Ball
2-1: Ball
3-1: Swinging Strike
3-2: Foul Ball, location: 2F
3-2: Foul Ball, location: 2F
3-2: Strikes out swinging
Top of the 7th over - 0 runs, 1 hit, 0 errors, 1 left on base; Toledo 3 - Athletic Club KC 2
BOTTOM OF THE 7TH
Athletic Club KC batting - Pitching for Toledo Stingers : RHP Jessie Young
Batting: LHB César Núñez 0-0: Called Strike
0-1: Called Strike
0-2: Ball
1-2: SINGLE (Flyball, 78M, EV 83.1 MPH)
Pitching: RHP Tsugahara Hori
Batting: RHB Ali Ben Bongo 0-0: Called Strike
0-1: Called Strike
0-2: Ball
1-2: Fielders Choice at 2nd, 5-4 (Groundball, 56, EV 77.5 MPH)
Batting: RHB Jimbob Ghostkeeper 0-0: Ball
1-0: Ball
2-0: Swinging Strike
2-1: Foul Ball, location: 2F
2-2: Grounds into double play, 6-4-3 (Groundball, 56D, EV 77.5 MPH)
Bottom of the 7th over - 0 runs, 1 hit, 0 errors, 0 left on base; Toledo 3 - Athletic Club KC 2
TOP OF THE 8TH
Toledo Stingers batting - Pitching for Athletic Club KC : LHP Marcos Tejedor
Pitching: LHP Indigo Diaz
Batting: LHB Matt Dunlap 0-0: Ball
1-0: Called Strike
1-1: SOLO HOME RUN (Flyball, 9LD, EV 95.6 MPH), Distance : 375 ft
Batting: LHB Pedro Serano 0-0: Ball
1-0: Ball
2-0: Foul Ball, location: 2F
2-1: SINGLE (Groundball, 3D, EV 94.4 MPH)
Batting: SHB Adam Clements 0-0: Called Strike
0-1: Ball
1-1: Called Strike
1-2: Foul Ball, location: 2F
1-2: Strikes out swinging
Batting: LHB Lester Threlfall 0-0: Ball
1-0: Foul Ball, location: 2F
1-1: Called Strike
1-2: Ball
2-2: Strikes out swinging
Batting: RHB David Alcabú 0-0: Called Strike
0-1: Swinging Strike
0-2: Foul Ball, location: 2F
0-2: Ball
1-2: Foul Ball, location: 2F
1-2: Ball
2-2: Foul Ball, location: 2F
2-2: Strikes out swinging
Top of the 8th over - 1 run, 2 hits, 0 errors, 1 left on base; Toledo 4 - Athletic Club KC 2
BOTTOM OF THE 8TH
Athletic Club KC batting - Pitching for Toledo Stingers : RHP Tsugahara Hori
Batting: RHB Shou-xin Quian 0-0: Swinging Strike
0-1: Ball
1-1: Foul Ball, location: 2F
1-2: Foul Ball, location: 2F
1-2: Strikes out looking
Batting: LHB Miguel Fernández 0-0: Called Strike
0-1: Foul Ball, location: 2F
0-2: Ball
1-2: Ball
2-2: Reached on error, E5 (Groundball, 56S, EV 81.2 MPH)
Batting: RHB José de la Cavallería 0-0: Foul Ball, location: 2F
0-1: Foul Ball, location: 2F
0-2: Ball
1-2: SINGLE (Groundball, 6MD, EV 103.8 MPH)
Miguel Fernández to second
Pitching: RHP Ron Manning
Pinch Hitting: LHB Salvador Ramírez 0-0: Ball
1-0: Ball
2-0: Swinging Strike
2-1: Foul Ball, location: 2F
2-2: Ball
3-2: Base on Balls
Miguel Fernández to third
José de la Cavallería to second
Batting: RHB Shane Reyes 0-0: Ball
1-0: Foul Ball, location: 2F
1-1: Ball
2-1: Ball
3-1: Foul Ball, location: 2F
3-2: Grounds into double play, 6-2-3 (Groundball, 4M, EV 89.4 MPH)
Bottom of the 8th over - 0 runs, 1 hit, 1 error, 2 left on base; Toledo 4 - Athletic Club KC 2
TOP OF THE 9TH
Toledo Stingers batting - Pitching for Athletic Club KC : LHP Indigo Diaz
Now at SS: Terry Kurucz
Batting: LHB Grover Barbaran 0-0: Ball
1-0: Called Strike
1-1: SINGLE (Flyball, 5D, EV 92.5 MPH) - OUT at second base trying to stretch hit.
Batting: RHB Alfredo Martínez 0-0: Called Strike
0-1: Ball
1-1: Ball
2-1: Called Strike
2-2: DOUBLE (Flyball, 8LXD, EV 107.5 MPH)
Batting: RHB Anselmo Berneu 0-0: Swinging Strike
0-1: Ball
1-1: Ball
2-1: Ball
3-1: Fly out, F7 (Flyball, 78D, EV 98.1 MPH)
Pitching: RHP Ray McKendrick
Batting: RHB Brook Linen 0-0: Ball
1-0: Ground out 4-3 (Groundball, 4, EV 88.1 MPH)
Top of the 9th over - 0 runs, 2 hits, 0 errors, 1 left on base; Toledo 4 - Athletic Club KC 2
BOTTOM OF THE 9TH
Athletic Club KC batting - Pitching for Toledo Stingers : RHP Ron Manning
Batting: RHB Gabriel Martínez 0-0: Ball
1-0: Called Strike
1-1: SINGLE (Groundball, 3D, EV 108.8 MPH)
Batting: LHB César Núñez 0-0: Ball
1-0: Grounds into double play, 6-4-3 (Groundball, 6, EV 110.0 MPH)
Batting: RHB Ali Ben Bongo 0-0: Called Strike
0-1: Ball
1-1: Foul Ball, location: 2F
1-2: Foul Ball, location: 2F
1-2: Foul Ball, location: 2F
1-2: Ball
2-2: Foul Ball, location: 2F
2-2: Foul Ball, location: 2F
2-2: Foul Ball, location: 2F
2-2: SINGLE (Flyball, 89S, EV 83.8 MPH)
Batting: RHB Jimbob Ghostkeeper 0-0: Foul Ball, location: 2F
0-1: Foul Ball, location: 2F
0-2: Ball
1-2: Foul Ball, location: 2F
1-2: Fielders Choice at 2nd, 6-4 (Groundball, 6, EV 81.9 MPH)
Bottom of the 9th over - 0 runs, 2 hits, 0 errors, 1 left on base; Toledo 4 - Athletic Club KC 2
Tuesday, January 5th, 2021 - OOTP Baseball 20.8 Build 74